 Dungeon Crawl Stone Soup version 0.21-a0-440-g28109cb (webtiles) character file.

83 slep the Ducker (level 4, -1/33 HPs)
             Began as a Vampire Gladiator on Nov 12, 2017.
             Slain by an orc priest
             ... wielding a +0 hand axe
              (6 damage)
             ... on level 3 of the Dungeon.
             The game lasted 00:08:19 (1575 turns).

slep the Ducker (Vampire Gladiator)                 Turns: 1575, Time: 00:08:20

Health: -1/33      AC:  6    Str: 14    XL:     4   Next: 22%
Magic:  4/4        EV: 13    Int: 10    God:
Gold:   92         SH:  0    Dex: 15    Spells: 3/3 levels left

rFire    . . .     SeeInvis +   a - +0 long sword
rCold    + . .     Gourm    .   (no shield)
rNeg     + . .     Faith    .   h - +0 ring mail
rPois    .         Spirit   .   c - +0 helmet
rElec    .         Reflect  .   (no cloak)
rCorr    .         Harm     .   (no gloves)
MR       .....                  (no boots)
Stlth    +.........             (no amulet)
HPRegen  0.11/turn              n - ring of protection from cold
MPRegen  0.09/turn              (no ring)

@: no status effects
A: fangs 3, see invisible, unbreathing
a: Bat Form


You were on level 3 of the Dungeon.
You were not thirsty.

You visited 1 branch of the dungeon, and saw 3 of its levels.

You collected 92 gold pieces.

Inventory:

Hand Weapons
 a - a +0 long sword (weapon)
Missiles
 d - 3 throwing nets (quivered)
Armour
 b - a +0 leather armour
 c - a +0 helmet (worn)
 h - a +0 ring mail (worn)
Jewellery
 n - a ring of protection from cold (left hand)
Wands
 s - a wand of flame (13/48)
Scrolls
 i - 2 scrolls of remove curse {unknown}
 j - a scroll of identify {unknown}
 k - a scroll of enchant armour {unknown}
 m - a scroll of enchant weapon {unknown}
 o - 2 scrolls of blinking {unknown}
 p - 2 scrolls of recharging {unknown}
 q - 2 scrolls of random uselessness {unknown}
 r - a scroll of magic mapping {unknown}
Potions
 e - 24 potions of blood
 f - a potion of mutation {unknown}
 g - a potion of haste {unknown}
 l - a potion of heal wounds {unknown}


   Skills:
 + Level 2.0 Fighting
 + Level 3.8 Long Blades
 + Level 1.6 Throwing
 + Level 0.9 Armour
 + Level 4.4 Dodging
 + Level 0.3 Stealth


You had 3 spell levels left.
You didn't know any spells.

Dungeon Overview and Level Annotations

Branches:
Dungeon (3/15)

Altars:
Wu Jian


Innate Abilities, Weirdness & Mutations

You have razor-sharp teeth.
You have supernaturally acute eyesight. (SInv)
You can survive without breathing.


Message History

You closely miss the orc priest.
The orc priest is heavily wounded.
The goblin completely misses you.
You riposte.
You slash the goblin!
You kill the goblin!
The orc priest hits you with a hand axe.
You hit the orc priest.
The orc priest is severely wounded.
The orc priest hits you but does no damage.
The orc priest hits you with a hand axe.
* * * LOW HITPOINT WARNING * * *
You closely miss the orc priest.
The orc priest is severely wounded.
The orc priest hits you but does no damage.
You barely miss the orc priest. Your bite misses the orc priest.
The orc priest is severely wounded.
The orc priest closely misses you.
You hit the orc priest but do no damage.
The orc priest is severely wounded.
The orc priest hits you with a hand axe.
You die... ## #. #. #. # ###.##$###.# #...@o...... #.#)##.###.. #. .. ## ##

You could see an orc priest.

Vanquished Creatures
  2 oozes (D:2)
  A worm (D:2)
  2 dart slugs
  3 leopard geckos (D:1)
  2 orcs (D:3)
  A ball python (D:3)
  8 bats
  3 giant cockroaches (D:1)
  6 goblins
  12 hobgoblins
  4 jackals (D:1)
  3 frilled lizards (D:1)
  5 kobolds
  6 rats
58 creatures vanquished.

Notes
Turn   | Place    | Note
-------+----------+-------------------------------------------
     0 | D:1      | slep the Vampire Gladiator began the quest for the Orb.
     0 | D:1      | Reached XP level 1. HP: 16/16 MP: 1/1
   101 | D:1      | Reached XP level 2. HP: 19/22 MP: 2/2
   171 | D:1      | Reached skill level 4 in Dodging
   712 | D:1      | Reached XP level 3. HP: 26/27 MP: 3/3
  1092 | D:2      | Found an ornate altar of the Wu Jian Council.
  1297 | D:2      | Reached XP level 4. HP: 33/33 MP: 4/4
  1575 | D:3      | Slain by an orc priest

Vault maps used:
D:1:      nagdon_arrival_zigzag_paths
D:2:      overflow_temple_1_default
D:3:      lemuel_angel_altar

Skill      XL: |  1  2  3  4 |
---------------+-------------+-----
Dodging        | 4 |  4.4
Fighting       | 2 |  2.0
Long Blades    | |  3.8
Throwing       | |  1.6
Armour         | |  0.9
Stealth        | |  0.3

Action                   |  1- 3 |  4- 6 || total
-------------------------+-------+-------++-------
Melee: Long sword        |   149 |    30 ||   179
       Bite              |    17 |     3 ||    20
  Use: Potion            |     1 |       ||     1
  Eat: Corpse            |     5 |       ||     5
Armor: Leather armour    |    21 |       ||    21
       Ring mail         |    39 |    10 ||    49
Dodge: Dodged            |   105 |    24 ||   129
       Rpst.: Long sword |    35 |     6 ||    41

Table legend:
 A = Spawn XP
 B = Non-spawn XP
 C = Spawn XP percentage of total XP
 D = Spawn monster count
 E = Non-spawn monster count
 F = Spawn count percentage of total count
 G = Total turns spent on level
                    A         B        C        D         E        F      G
               +---------+---------+-------+---------+---------+-------+---------
         Total |       0 |     119 |   0.0 |       0 |      58 |   0.0 |  1575
               +---------+---------+-------+---------+---------+-------+---------
           D:1 |       0 |      64 |   0.0 |       0 |      35 |   0.0 |  1013
           D:2 |       0 |      45 |   0.0 |       0 |      19 |   0.0 |   539
           D:3 |       0 |      10 |   0.0 |       0 |       4 |   0.0 |    23
               +---------+---------+-------+---------+---------+-------+---------
